 Dungeon Crawl Stone Soup version 0.29.1-12-g30fa7ad0bf (webtiles) character file.

Game seed: 12625323803083996871

298 mopl the Sneak (level 6, -4/41 HPs)
             Began as a Formicid Enchanter on Jan 15, 2023.
             Asphyxiated
             ... on level 6 of the Dungeon.
             The game lasted 00:06:16 (5129 turns).

mopl the Sneak (Formicid Enchanter)                 Turns: 5129, Time: 00:06:18

Health: -4/41      AC:  4    Str: 12    XL:     6   Next: 62%
Magic:  4/11       EV: 11    Int: 17    God:
Gold:   137        SH:  4    Dex: 14    Spells: 4/12 levels left

rFire   . . .      SeeInvis +   a - +1 dagger
rCold   . . .      Faith    .   i - +0 buckler
rNeg    . . .      Spirit   .   b - +0 robe
rPois   .          Reflect  .   (helmet unavailable)
rElec   .          Harm     .   (no cloak)
rCorr   +          Rampage  .   (no gloves)
Will    .....                   z - +1 pair of boots
Stlth   +++.......              (no amulet)
HPRegen 0.13/turn               j - ring of resist corrosion
MPRegen 0.12/turn               k - ring of flight

@: lethally poisoned (-4 -> -35), flying
A: permanent stasis, dig shafts and tunnels, antennae 3, four strong arms
a: Dig, Shaft Self


You were on level 6 of the Dungeon.
You visited 1 branch of the dungeon, and saw 6 of its levels.

You collected 137 gold pieces.

Inventory:

Hand Weapons
 a - a +1 dagger (weapon)
Missiles
 u - 2 curare-tipped darts
Armour
 b - a +0 robe (worn)
 i - a +0 buckler (worn)
 z - a +1 pair of boots (worn)
Jewellery
 j - a ring of resist corrosion (left hand)
 k - a ring of flight (right hand)
Wands
 y - a wand of flame (8)
Scrolls
 d - 3 scrolls of poison {unknown}
 f - 4 scrolls of butterflies {unknown}
 l - a scroll of fear {unknown}
 o - 2 scrolls of magic mapping {unknown}
 p - 2 scrolls of teleportation {unknown}
 q - a scroll of enchant armour {unknown}
 r - a scroll of torment {unknown}
 v - a scroll of enchant weapon {unknown}
 w - 3 scrolls of blinking {unknown}
Potions
 c - 2 potions of invisibility
 e - a potion of mutation {!q}
 g - a potion of might
 h - 3 potions of heal wounds
 m - 3 potions of magic {unknown}
 n - a potion of brilliance
 s - a potion of flight
 t - a potion of attraction {unknown}
 x - a potion of resistance {unknown}
 A - a potion of curing {unknown}


   Skills:
 + Level 2.1 Short Blades
 - Level 1.7 Dodging
 + Level 5.2 Stealth
 + Level 1.5 Shields
 + Level 3.5 Spellcasting
 + Level 5.0 Hexes
 + Level 2.3 Ice Magic


You had 4 spell levels left.
You knew the following spells:

 Your Spells              Type           Power      Damage    Failure   Level
a - Confusing Touch       Hex            20%        N/A       8%          3
b - Ensorcelled Hibernat  Hex/Ice        30%        N/A       7%          2
d - Tukima's Dance        Hex            20%        N/A       8%          3

Your spell library contained the following spells:

 Spells                   Type           Power      Damage    Failure   Level
 Dazzling Flash           Conj/Hex       22%        N/A       22%         3
 Sublimation of Blood     Necr           3%         N/A       30%         2
 Leda's Liquefaction      Hex/Erth       5%         N/A       56%         4
 Petrify                  Tmut/Erth      3%         N/A       90%         4
 Irradiate                Conj/Tmut      1%         3d12      99%         5
 Lee's Rapid Deconstruct  Erth           1%         3d5*      99%         5
 Statue Form              Tmut/Erth      2%         N/A       100%        6


Dungeon Overview and Level Annotations

Branches:
Dungeon (5/15)
 Temple: D:4-7

Altars:
Gozag

Shops:
D:1 *

Annotations:
D:3 1 runed translucent door, Crazy Yiuf
D:4 3 runed translucent doors, IHuginn's ghost, novice OpBe


Innate Abilities, Weirdness & Mutations

You cannot be hasted, slowed, berserked, paralysed or teleported.
You can dig through walls and to a lower floor.
You have a pair of large antennae on your head. (SInv)
Your four strong arms can wield two-handed weapons with a shield.


Message History

Press: ? - help, Shift-Dir - straight line, f/p - kobold
Aim: a kobold, wielding a +0 vampiric dagger (chance to affect: 66%)
The kobold struggles to resist.
The kobold closely misses you.
Unknown command.
Casting: Ensorcelled Hibernation (safe; 7% risk of failure)
Confirm with . or Enter, or press ? or * to list all spells.
Aiming: Ensorcelled Hibernation (safe; 7% risk of failure)
Press: ? - help, Shift-Dir - straight line, f - kobold brigand, p - kobold
Aim: a kobold brigand, wielding a +0 short sword and quivering curare-tipped darts (chance to affect: 49%)
The kobold brigand looks drowsy...
The kobold hits you but does no damage.
Unknown command.
Unknown command.
The helpless kobold brigand fails to defend itself.
You impale the kobold brigand!!
The kobold brigand is severely wounded.
The kobold hits you but does no damage.
The kobold brigand hits you with a +0 short sword.
You hit the kobold brigand but do no damage.
The kobold brigand is severely wounded.
The kobold hits you with a +0 vampiric dagger.
The kobold brigand hits you with a +0 short sword!
Okay, then.
Okay, then.
Okay, then.
The kobold attacks as you move away!
The kobold hits you with a +0 vampiric dagger.
Your magical contamination has completely faded away.
The kobold brigand throws a curare-tipped dart.
The curare-tipped dart hits you.
You are poisoned.
You have difficulty breathing.
Your stasis prevents you from being slowed.
The kobold attacks as you move away! The kobold completely misses you.
* * * LOW HITPOINT WARNING * * *
You feel very sick.
The kobold brigand throws a curare-tipped dart.
The curare-tipped dart hits you.
You are more poisoned.
You have difficulty breathing.
You die...

.........# .##
......^..## W.###
..........# ....#
#.........##KW.#
#....#..K{K.#
#....##.#.{....#
##..#....#.........
##.....K..##........
.#......#@####.....##.
...........#####..##
#..............# #.#
.. #...[.......#..###
##
..###...........#....#
....#...##......#..###
........#.........##
..................#
...............####


You could see a kobold brigand and a kobold.

Vanquished Creatures
  A scorpion (D:4)
  A hound (D:2)
  An orc priest (D:4)
  An iguana (D:4)
  7 adders
  A worm (D:2)
  4 dart slugs
  3 orcs (D:4)
  9 endoplasms
  3 giant cockroaches
  10 hobgoblins
  6 jackals (D:2)
  2 quokkas
  4 ball pythons
  3 bats
  2 frilled lizards (D:1)
  4 goblins
  8 kobolds
  5 rats
75 creatures vanquished.

Notes
Turn   | Place    | Note
-------+----------+-------------------------------------------
     0 | D:1      | mopl the Formicid Enchanter began the quest for the Orb.
     0 | D:1      | Reached XP level 1. HP: 13/13 MP: 3/3
   145 | D:1      | Reached XP level 2. HP: 11/19 MP: 5/5
   276 | D:1      | Learned a level 2 spell: Ensorcelled Hibernation
   339 | D:1      | Found a faded altar of an unknown god.
   621 | D:1      | Reached skill level 4 in Stealth
   624 | D:1      | Found Wen Caos's General Store.
   633 | D:1      | Reached skill level 4 in Hexes
   809 | D:1      | Reached XP level 3. HP: 12/24 MP: 3/6
   955 | D:1      | Learned a level 3 spell: Confusing Touch
  1512 | D:2      | Reached skill level 1 in Ice Magic
  1625 | D:2      | Reached XP level 4. HP: 3/30 MP: 1/8
  1894 | D:2      | Learned a level 3 spell: Tukima's Dance
  1939 | D:2      | Reached skill level 3 in Spellcasting
  2899 | D:3      | Reached XP level 5. HP: 29/35 MP: 9/9
  4080 | D:3      | Found a runed translucent door.
  4081 | D:3      | Noticed Crazy Yiuf
  4251 | D:4      | Found a runed translucent gate.
  4251 | D:4      | Found a runed translucent gate.
  4251 | D:4      | Found a runed translucent gate.
  4252 | D:4      | Found an opulent altar of Gozag.
  4253 | D:4      | Noticed IHuginn's ghost (novice OpBe)
  4253 | D:4      | Noticed a phantom
  4254 | D:4      | Noticed an orc warrior
  4261 | D:4      | Reached skill level 2 in Ice Magic
  4378 | D:4      | Reached skill level 5 in Stealth
  4378 | D:4      | Reached XP level 6. HP: 40/41 MP: 9/11
  4467 | D:4      | Reached skill level 1 in Shields
  4585 | D:4      | Reached skill level 2 in Short Blades
  4585 | D:4      | Reached skill level 5 in Hexes
  5054 | D:5      | Entered Level 5 of the Dungeon
  5079 | D:5      | You are sucked into a shaft and drop 1 floor!
  5119 | D:6      | Noticed a water moccasin
  5129 | D:6      | Asphyxiated

Illustrated notes

Levels and vault maps discovered:
D:1:      moated_graveyard_arrival, layout_basic, serial_shops,
          nicolae_shop_crystal, shapermc_ecumenical_altar_venn
D:2:      layout_basic, hex_intersection
D:3:      layout_basic, uniq_crazy_yiuf_cottage
D:4:      layout_gridville, ebering_ghost_gozag
D:5:      layout_cave_pods, minmay_temple_entry_waves
D:6:      layout_cave_pools

Skill      XL: |  1  2  3  4  5  6 |
---------------+-------------------+-----
Stealth        | 4 5 |  5.2
Hexes          | 4 5 |  5.0
Ice Magic      | 1 2 |  2.3
Spellcasting   | 3 |  3.5
Shields        | 1 |  1.5
Short Blades   | 2 |  2.1
Dodging        | |  1.7

Action                   |  1- 3 |  4- 6 || total
-------------------------+-------+-------++-------
Melee: Dagger            |    93 |   174 ||   267
       Punch             |     3 |     2 ||     5
Throw: Dart              |       |     2 ||     2
 Cast: Ensorcelled Hiber |     3 |    24 ||    27
  Use: Scroll            |       |     5 ||     5
 Stab: Sleeping          |    10 |    22 ||    32
Armor: Robe              |    17 |    23 ||    40
Dodge: Dodged            |    49 |    93 ||   142
Block: Buckler           |       |     4 ||     4
